 Dungeon Crawl Stone Soup version 0.19.5 (webtiles) character file.

80 Lostpass the Chopper (level 4, -1/41 HPs)
             Began as a Hill Orc Monk on Mar 11, 2017.
             Slain by Natasha (5 damage)
             ... on level 3 of the Dungeon.
             The game lasted 00:17:38 (2810 turns).

Lostpass the Chopper (Hill Orc Monk)                Turns: 2810, Time: 00:17:39

Health: -1/41      AC:  2    Str: 14    XL:     4   Next: 39%
Magic:  4/4        EV: 10    Int: 10    God:
Gold:   208        SH:  7    Dex: 13    Spells: 0 memorised, 3 levels left

rFire  . . .     SeeInvis .     a - +1 hand axe
rCold  . . .     Gourm    .     b - +0 robe
rNeg   . . .     Faith    .     h - +0 shield (curse)
rPois  .         Spirit   .     (no helmet)
rElec  .         Reflect  .     (no cloak)
rCorr  .         Harm     .     (no gloves)
MR     .....                    (no boots)
Stlth  ++........               (no amulet)
                                (no ring)
                                (no ring)

@: drained
A: no striking features
a: no special abilities


You were on level 3 of the Dungeon.
You were not hungry.

You visited 1 branch of the dungeon, and saw 3 of its levels.

You collected 208 gold pieces.

Inventory:

Hand Weapons
 a - a +1 hand axe (weapon)
Missiles
 e - 46 stones (quivered)
 k - 13 poisoned needles
Armour
 b - a +0 robe (worn)
 h - a cursed +0 shield (worn)
Scrolls
 d - a scroll of enchant weapon
 g - a scroll of fog
 j - a scroll of remove curse
 l - a scroll of immolation
Comestibles
 c - 3 bread rations
 f - a chunk of flesh
 m - a beef jerky


   Skills:
 * Level 4.3(4.1) Fighting
 + Level 5.6(5.4) Axes
 - Level 0.1(0.0) Throwing
 + Level 2.8(2.6) Dodging
 - Level 1.5(1.3) Stealth


You had 3 spell levels left.
You didn't know any spells.

Dungeon Overview and Level Annotations

Branches:
Dungeon (3/15)

Altars:
Hepliaklqana
Makhleb
Sif Muna

Annotations:
D:3 Natasha


Message History

You closely miss Natasha.
Natasha is heavily wounded.
Natasha claws you!
* * * LOW HITPOINT WARNING * * *
Natasha claws you.
* * * LOW HITPOINT WARNING * * *
You aren't carrying any potions.
Okay, then.
You aren't carrying any items that you can evoke.
You hit Natasha but do no damage.
Natasha is heavily wounded.
Natasha closely misses you.
You hit Natasha but do no damage.
Natasha is heavily wounded.
Natasha stares at you and mumbles some strange words.
You resist with some effort.
You hit Natasha.
Natasha is severely wounded.
Natasha claws you.
You die...

##........#.#......)....#..
#..#..###...#........##.#o.
#######.##.).###,..........##....
#........#.#.# ##.#.........#....
#........#.#.###..#.........<....
#........#.#..##.##..............
#..........##....##..............
#........######..##..%...........
#........# #.@...#............
#........# #.#h.##............
#........## #.#..#*#.>.........
#.........### #.#.(.###...>......
#######.#...###.#.....,,,,,,,,,,,
#.......##............,,,,,,,,,,
#...........##....(..##**,**,,,,
#....†..##.####*.###(.* *,**,,**
#.).....#*,..,,,,,***,* *,,,,***


You could see Natasha.

Vanquished Creatures
  2 adders (D:3)
  An ooze (D:2)
  A worm (D:2)
  A dart slug (D:1)
  An orc (D:2)
  12 bats
  4 giant cockroaches
  4 goblins
  8 hobgoblins
  A quokka (D:3)
  2 ball pythons
  A frilled lizard (D:3)
  8 kobolds
  3 rats (D:1)
49 creatures vanquished.

Notes
Turn   | Place    | Note
-------+----------+-------------------------------------------
     0 | D:1      | Lostpass the Hill Orc Monk began the quest for the Orb.
     0 | D:1      | Reached XP level 1. HP: 19/19 MP: 1/1
   186 | D:1      | Reached XP level 2. HP: 24/27 MP: 2/2
   762 | D:1      | Reached XP level 3. HP: 32/33 MP: 3/3
  1030 | D:2      | Found a faded altar of an unknown god.
  1354 | D:2      | Reached skill level 5 in Axes
  1373 | D:2      | Found a burning altar of Makhleb.
  1374 | D:2      | Found a hazy altar of Hepliaklqana.
  2312 | D:3      | Reached XP level 4. HP: 25/40 MP: 4/4
  2376 | D:3      | Found a deep blue altar of Sif Muna.
  2760 | D:3      | Noticed Natasha
  2810 | D:3      | Slain by Natasha

Skill      XL: |  1  2  3 |
---------------+----------+-----
Fighting       | 4 |  4.3
Axes           | 5 |  5.6
Throwing       | |  0.1
Dodging        | |  2.8
Stealth        | |  1.5

Action                   |  1- 3 |  4- 6 || total
-------------------------+-------+-------++-------
Melee: Hand axe          |   151 |    40 ||   191
Throw: Stone             |    25 |     7 ||    32
  Use: Scroll            |     7 |     1 ||     8
       Potion            |     3 |       ||     3
 Stab: Sleeping          |     8 |       ||     8
  Eat: Chunk             |     3 |       ||     3
       Meat ration       |       |     1 ||     1
Armor: Robe              |    27 |     5 ||    32
Dodge: Dodged            |   108 |    30 ||   138
Block: Shield            |       |     3 ||     3
